 Dungeon Crawl Stone Soup version 0.30-a0-359-gd0147acb1a (webtiles) character file.

Game seed: 6997950821053290137

38 arthad the Insei (level 3, -4/28 HPs)
             Began as a Meteoran Transmuter on Nov 11, 2022.
             Slain by a gnoll
             ... wielding a +0 spear
              (6 damage)
             ... on level 2 of the Dungeon.
             The game lasted 00:04:22 (639 turns).

arthad the Insei (Meteoran Transmuter)               Turns: 639, Time: 00:04:23

Health: -4/28      AC:  2    Str: 12    XL:     3   Next: 91%
Magic:  0/8        EV: 12    Int: 16    God:
Gold:   66         SH:  5    Dex: 14    Spells: 1/8 levels left

rFire   . . .      SeeInvis .      - Unarmed
rCold   . . .      Faith    .    (no shield)
rNeg    . . .      Spirit   .    a - +0 robe
rPois   .          Reflect  +    (helmet currently unavailable)
rElec   .          Harm     .    (no cloak)
rCorr   .          Rampage  .    (no gloves)
Will    .....                    (boots currently unavailable)
Stlth   +.........               j - amulet of reflection
HPRegen 0.24/turn                (no ring)
MPRegen 0.11/turn                (no ring)

@: appendages, very slightly contaminated, glowing
A: horns 2, talons 2, sense surroundings 1, otherworldly, glowing, explore
regen, evolution 1, no potion heal 1
a: End Transformation


You were on level 2 of the Dungeon.
You had temporarily grown beastly horns and talons.
You visited 1 branch of the dungeon, and saw 2 of its levels.

You collected 66 gold pieces.

Inventory:

Hand Weapons
 h - a +0 vampiric dagger
Armour
 a - a +0 robe (worn)
 e - a +0 pair of boots (melded)
Jewellery
 j - an amulet of reflection (around neck)
Scrolls
 c - a scroll of enchant weapon {unknown}
 d - 2 scrolls of identify {unknown}
 f - a scroll of torment {unknown}
 k - a scroll of acquirement {unknown}
 l - a scroll of poison {unknown}
Potions
 b - a potion of lignification
 g - a potion of curing {unknown}
 i - a potion of mutation


   Skills:
 + Level 1.5 Fighting
 + Level 2.8 Dodging
 + Level 3.8 Unarmed Combat
 + Level 3.1 Spellcasting
 + Level 0.0 Translocations
 * Level 3.2 Transmutations
 + Level 1.0 Poison Magic


You had one spell level left.
You knew the following spells:

 Your Spells              Type           Power      Damage    Failure   Level
a - Beastly Appendage     Tmut           24%        N/A       4%          1
b - Sting                 Tmut/Pois      36%        1d4       8%          1
c - Blink                 Tloc           4%         N/A       28%         2
d - Spider Form           Tmut/Pois      9%         N/A       22%         3

Your spell library contained the following spells:

 Spells                   Type           Power      Damage    Failure   Level
 Wereblood                Tmut           12%        N/A       8%          2
 Poisonous Vapours        Pois/Air       8%         N/A       22%         2
 Momentum Strike          Conj/Tloc      4%         3d8       28%         2
 Lesser Beckoning         Tloc           4%         N/A       50%         3
 Ice Form                 Ice/Tmut       7%         N/A       67%         4
 Olgreb's Toxic Radiance  Pois           5%         N/A       75%         4


Dungeon Overview and Level Annotations

Branches:
Dungeon (2/15) Zot: 563

Altars:


Innate Abilities, Weirdness & Mutations

You have temporarily grown beastly horns and talons.
You passively map a small area around you.
You are easily found by Zot.
You glow in the dark.
You regain HP and MP as you explore.
You have hidden genetic potential.
Potions are less effective at restoring your health.


Message History

Confirm with . or Enter, or press ? or * to list all spells.
Aiming: Sting (safe; 8% risk of failure)
Press: ? - help, Shift-Dir - straight line, f/p - gnoll
Aim: a gnoll, wielding a +0 spear (poisoned, 72% to hit)
The sting hits the gnoll.
The gnoll looks even sicker.
The gnoll is lightly wounded.
The gnoll hits you from afar with a +0 spear.
Casting: Sting (safe; 8% risk of failure)
Confirm with . or Enter, or press ? or * to list all spells.
Aiming: Sting (safe; 8% risk of failure)
Press: ? - help, Shift-Dir - straight line, f/p - gnoll
Aim: a gnoll, wielding a +0 spear (moderately wounded, very poisoned, 72% to hit)
You miscast Sting.
Nothing appears to happen.
The gnoll closely misses you.
Casting: Sting (safe; 8% risk of failure)
Confirm with . or Enter, or press ? or * to list all spells.
Aiming: Sting (safe; 8% risk of failure)
Press: ? - help, Shift-Dir - straight line, f/p - gnoll
Aim: a gnoll, wielding a +0 spear (heavily wounded, very poisoned, 72% to hit)
The sting hits the gnoll.
The gnoll looks even sicker.
The gnoll is heavily wounded.
You block the gnoll's attack.
Casting: Sting (safe; 8% risk of failure)
Confirm with . or Enter, or press ? or * to list all spells.
Aiming: Sting (safe; 8% risk of failure)
Press: ? - help, Shift-Dir - straight line, f/p - gnoll
Aim: a gnoll, wielding a +0 spear (heavily wounded, very poisoned, 72% to hit)
The sting misses the gnoll.
The gnoll hits you from afar with a +0 spear.
* * * LOW HITPOINT WARNING * * *
Casting: Sting (safe; 8% risk of failure)
Confirm with . or Enter, or press ? or * to list all spells.
You grow a pair of large bovine horns.
Your feet morph into talons.
Your +0 pair of boots melds into your body.
The gnoll hits you from afar with a +0 spear.
* * * LOW HITPOINT WARNING * * *
It was a potion of mutation.
You feel extremely strange.
Your system partially rejects the healing effects of potions.
You feel a hidden potential growing inside you.
The gnoll hits you from afar with a +0 spear.
You die...

.........#.#.#.# #..........
....#####.#[#.#####..........,
....# #.#...#....'...g......
....#####.#.#..#.##..........
,
######...#.#.#.#.#####+##....
.## #.#.....).#.##### ,... ,,
..####.######.##g#...# *
#..#..........##.#.#.# *
##.#..........##@#...# ,
#.'..........##.#<..# , ,,
###..........##.#...# *
#....#####.##.#...#
####.....#.##.....#.### ,
.................... * *
#######.####.#.#.### , , #.#
#.#.#.# #.# #.#.# #


You could see a gnoll (very poisoned).

Vanquished Creatures
  A gnoll (D:1)
  A dart slug (D:1)
  5 endoplasms
  A giant cockroach (D:1)
  A goblin (D:1)
  4 kobolds
  3 ball pythons (D:1)
  3 bats (D:1)
  4 frilled lizards (D:1)
  3 rats
26 creatures vanquished.

Vanquished Creatures (others)
  A fungus (D:1)
  A plant (D:1)
2 creatures vanquished.

Grand Total: 28 creatures vanquished

Notes
Turn   | Place    | Note
-------+----------+-------------------------------------------
     0 | D:1      | arthad the Meteoran Transmuter began the quest for the Orb.
     0 | D:1      | Reached XP level 1. HP: 16/16 MP: 5/5
    81 | D:1      | Learned a level 1 spell: Sting
    91 | D:1      | Reached XP level 2. HP: 23/23 MP: 4/6
   230 | D:1      | Reached XP level 3. HP: 18/28 MP: 2/8
   232 | D:1      | Found a faded altar of an unknown god.
   502 | D:1      | Glimpsed the power of Zot.
   522 | D:2      | Reached skill level 1 in Poison Magic
   559 | D:2      | Learned a level 2 spell: Blink
   563 | D:2      | Learned a level 3 spell: Spider Form
   638 | D:2      | HP: 1/28 [gnoll/+0 spear (6)]
   639 | D:2      | Gained mutation: Potions are less effective at restoring
                  | your health. [potion of mutation]
   639 | D:2      | Gained mutation: You have hidden genetic potential. [potion
                  | of mutation]
   639 | D:2      | Slain by a gnoll

Illustrated notes

Levels and vault maps discovered:
D:1:      matt_arrival_grand_opening, layout_rooms,
          dreamdust_ecumenical_altar_grove
D:2:      layout_basic, minmay_misc_feat_rugged, minmay_tiny_reverse_x,
          uniq_natasha

Skill      XL: |  1  2  3 |
---------------+----------+-----
Spellcasting   | 3 |  3.1
Transmutations | 3 |  3.2
Poison Magic   | 1 |  1.0
Fighting       | |  1.5
Dodging        | |  2.8
Unarmed Combat | |  3.8

Action                   || total
-------------------------++-------
Melee: Unarmed           ||    54
       Kick              ||     8
       Headbutt          ||     6
       Punch             ||     1
 Cast: Beastly Appendage ||    12
       Sting             ||    10
  Use: Potion            ||     1
Armor: Robe              ||    13
Dodge: Dodged            ||    23
Block: Other             ||     1

Table legend: (Time is in decaauts)
 A = Elapsed time spent in this place.
 B = Non-inter-level travel time spent in this place.
 C = Inter-level travel time spent in this place.
 D = Time resting spent in this place.
 E = Time spent auto-exploring this place.
 F = Levels seen in this place.
 G = Mean time per level.
                   A        B        C        D        E       F      G
               +--------+--------+--------+--------+--------+-----+--------+
         Total |    635 |    613 |     22 |      0 |    421 |   2 |  317.5 |
       Dungeon |    635 |    613 |     22 |      0 |    421 |   2 |  317.5 |
               +--------+--------+--------+--------+--------+-----+--------+

Top non-repeatable levels by time:
     D:1: 506 daAuts
     D:2: 129 daAuts
